 Dungeon Crawl Stone Soup version 0.27.0-1-g7a089689b8 (webtiles) character file.

Game seed: 5921798715738690633

3353 SnakkuSnakku7 the Jinx (level 9, -3/67 HPs)
             Began as a Vampire Conjurer on Aug 15, 2021.
             Was an Initiate of Gozag.
             Slain by a two-headed ogre (15 damage)
             ... while paralysed by a centaur
             ... on level 8 of the Dungeon.
             The game lasted 00:13:09 (6436 turns).

SnakkuSnakku7 the Jinx (Vampire Conjurer)           Turns: 6436, Time: 00:13:10

Health: -3/67      AC: 11    Str:  6    XL:     9   Next: 72%
Magic:  11/12      EV:  2    Int: 24    God:    Gozag
Gold:   569        SH:  0    Dex: 12    Spells: 5/12 levels left

rFire    + . .     SeeInvis +   f - +2 whip (elec)
rCold    . . .     Faith    .   s - +0 buckler
rNeg     . . .     Spirit   .   E - +3 leather armour
rPois    .         Reflect  .   (no helmet)
rElec    .         Harm     +   l - scarf {harm}
rCorr    .         Rampage  .   G - +2 pair of gloves
Will     .....                  F - +1 pair of boots
Stlth    ++........             (no amulet)
HPRegen  0.41/turn              a - ring of fire
MPRegen  0.13/turn              o - ring of protection from cold

@: paralysed, healing quickly
A: alive, fangs 3, see invisible, vampiric 2
a: Exsanguinate, Renounce Religion, Potion Petition, Call Merchant, Bribe Branch


You were on level 8 of the Dungeon.
You worshipped Gozag.
Gozag was pleased with you.
You visited 2 branches of the dungeon, and saw 9 of its levels.

You collected 1006 gold pieces.
You spent 400 gold pieces at shops.
You paid 37 gold pieces to Gozag.

Inventory:

Hand Weapons
 d - a +0 dagger
 f - a +2 whip of electrocution (weapon)
Armour
 l - a scarf of harm (worn)
 p - a +1 cloak
 s - a +0 buckler (worn)
 E - a +3 leather armour (worn)
 F - a +1 pair of boots (worn)
 G - a +2 pair of gloves (worn)
Magical Staves
 v - a staff of earth
Jewellery
 a - a ring of fire (left hand)
 o - a ring of protection from cold (right hand)
 r - a ring of resist corrosion
 t - a ring of ice
Wands
 m - a wand of flame (58)
Scrolls
 e - 2 scrolls of vulnerability
 g - a scroll of enchant armour
 i - 2 scrolls of teleportation
 j - a scroll of fear
 k - 4 scrolls of magic mapping
 n - 2 scrolls of enchant weapon {unknown}
 w - a scroll of brand weapon {unknown}
 y - a scroll of blinking {unknown}
 A - a scroll of acquirement {unknown}
 B - a scroll of amnesia
 I - a scroll of immolation {unknown}
Potions
 c - 2 potions of attraction {unknown}
 h - 3 potions of flight {unknown}
 q - 5 potions of heal wounds
 u - a potion of brilliance
 x - 2 potions of curing
 z - 2 potions of cancellation {unknown}
 C - 3 potions of might {unknown}
 H - a potion of lignification {unknown}


   Skills:
 + Level 4.8 Fighting
 - Level 2.1 Dodging
 - Level 3.0 Stealth
 - Level 4.0 Shields
 - Level 2.0 Spellcasting
 - Level 8.0 Conjurations
 - Level 10.0 Hexes


You had 5 spell levels left.
You knew the following spells:

 Your Spells              Type           Power      Damage    Failure   Level
a - Magic Dart            Conj           100%       1d8       1%          1
b - Searing Ray           Conj           80%        3d6       1%          2
g - Fulminant Prism       Conj/Hex       22%        3d13      4%          4

Your spell library contained the following spells:

 Spells                   Type           Power      Damage    Failure   Level
 Dazzling Flash           Conj/Hex       90%        N/A       1%          3
 Ensorcelled Hibernation  Hex/Ice        52%        N/A       3%          2
 Iskenderun's Mystic Bla  Conj/Tloc      21%        2d6       34%         4
 Frozen Ramparts          Ice            4%         1d2       50%         3
 Ozocubu's Armour         Ice            2%         N/A       50%         3
 Spider Form              Tmut/Pois      1%         N/A       50%         3
 Metabolic Englaciation   Hex/Ice        13%        N/A       54%         5
 Ice Form                 Ice/Tmut       2%         N/A       88%         4
 Summon Ice Beast         Ice/Summ       2%         N/A       88%         4
 Shadow Creatures         Summ           N/A        N/A       100%        6
 Simulacrum               Ice/Necr       1%         N/A       100%        6


Dungeon Overview and Level Annotations

Branches:
Dungeon (8/15)             Temple (1/1) D:4
   Lair: D:8-11

Altars:
Ashenzari
Cheibriados
Dithmenos
Elyvilon
Fedhas
Gozag
Hepliaklqana
Kikubaaqudgha
Makhleb
Nemelex Xobeh
Okawaru
Ru
Sif Muna
Trog
Uskayaw
Vehumet
Wu Jian
Xom
Yredelemnul
Zin
The Shining One

Shops:
D:6 [=!*:


Innate Abilities, Weirdness & Mutations

Your natural rate of healing is accelerated.
You have razor-sharp teeth.
You have supernaturally acute eyesight. (SInv)
You are afflicted with vampirism and can become a bat while bloodless.


Message History

A two-headed ogre is nearby!
Unknown command.
Casting: Searing Ray (safe; 1% risk of failure)
Confirm with . or Enter, or press ? or * to list all spells.
Aiming: Fulminant Prism (dangerous; 4% risk of failure)
Press: ? - help, Dir - move target You conjure a prism of explosive energy!
A fulminant prism comes into view.
Your fulminant prism crackles loudly.
Your fulminant prism explodes!
The blast of energy engulfs the two-headed ogre!!
The two-headed ogre is heavily wounded.
The fire dragon roars deafeningly!
You hear a shout!
Unknown command.
Unknown command.
Unknown command.
The two-headed ogre misses you. The two-headed ogre closely misses you.
The two-headed ogre hits you with a +0 great mace!
The two-headed ogre barely misses you.
Found a stone staircase leading down.
There is a stone staircase leading down here.
Casting: Fulminant Prism (dangerous; 4% risk of failure)
Confirm with . or Enter, or press ? or * to list all spells.
Aiming: Fulminant Prism (dangerous; 4% risk of failure)
Press: ? - help, Dir - move target, f - two-headed ogre
Aim: a two-headed ogre, wielding a +0 great mace and a +0 giant club (heavily wounded)
Okay, then.
A centaur comes into view.
It is wielding the +7 lajatang of the Ten Spirits {vamp, rF+ Stlth+} and carrying a wand of paralysis (9).
The centaur unwields the +7 lajatang of the Ten Spirits {vamp, rF+ Stlth+}.
The centaur wields a +0 shortbow.
The centaur shoots an arrow.
The arrow hits you but does no damage.
The centaur zaps a wand.
You suddenly lose the ability to move!
The two-headed ogre hits you with a +0 great mace!
The two-headed ogre hits you with a +0 giant club!
The centaur zaps a wand.
You easily resist.
The centaur shoots an arrow.
The arrow hits you!
* * * LOW HITPOINT WARNING * * *
The two-headed ogre hits you with a +0 great mace!
You die...
Your body crumbles into a pile of gold.

#####...## #)#
###..## #.# ##).#
#.# ##.###.# ###
#..##.# #.#
##.##.# #.# #.#..#
#.# #.#.########.#
#....@O...D..##
#####.)..........#
...#...$#######.#
..#.)..#....O>.#
#.#c$..#.#######
#.#..$.#.#
#.$..$.#.# #
#.#......# #.
#.#.....(#


You could see a fire dragon, a two-headed ogre and a centaur.

Vanquished Creatures
  The ghost of ZARRMARR the Cudgeller, a novice MiBe of Trog (D:5)
  A yak (D:8)
  Sigmund (D:4)
  A steam dragon (D:7)
  A water moccasin (D:7)
  An orc warrior (D:7)
  A hornet zombie (D:7)
  A sky beast (D:5)
  A necrophage (D:7)
  4 centaurs
  5 ogres
  2 gnoll sergeants
  3 bullfrogs
  A scorpion (D:4)
  A centaur zombie (D:8)
  3 electric eels (D:6)
  A crimson imp (D:6)
  3 orc priests (D:8)
  2 water moccasin simulacra (D:5)
  A bullfrog zombie (D:6)
  A centaur skeleton (D:7)
  3 hounds
  3 jellies
  An iguana (D:5)
  Jessica (D:2)
  5 orc wizards
  A bullfrog simulacrum (D:5)
  A centaur simulacrum (D:5)
  A hound skeleton (D:4)
  A howler monkey zombie (D:8)
  8 gnolls
  2 adders
  A hound simulacrum (D:5)
  A shadow imp (D:8)
  2 white imps (D:5)
  A worm (D:3)
  2 dart slugs
  25 orcs
  6 ball pythons
  6 bats
  7 endoplasms
  5 giant cockroaches
  10 goblins
  7 hobgoblins
  12 jackals
  7 kobolds
  A quokka (D:4)
  2 rats
158 creatures vanquished.

Vanquished Creatures (others)
  7 fulminant prisms
  2 plants (D:6)
9 creatures vanquished.

Grand Total: 167 creatures vanquished

Notes
Turn   | Place    | Note
-------+----------+-------------------------------------------
     0 | D:1      | SnakkuSnakku7 the Vampire Conjurer began the quest for the
                  | Orb.
     0 | D:1      | Reached XP level 1. HP: 13/13 MP: 3/3
   269 | D:1      | Reached XP level 2. HP: 19/19 MP: 1/5
   405 | D:1      | Learned a level 2 spell: Searing Ray
   670 | D:1      | Gained mutation: You are afflicted with vampirism and can
                  | become a bat while bloodless. [Vampire growth]
   670 | D:1      | Reached XP level 3. HP: 14/24 MP: 6/6
  1043 | D:2      | Noticed Jessica
  1046 | D:2      | Killed Jessica
  1047 | D:2      | Reached XP level 4. HP: 19/30 MP: 1/7
  2130 | D:3      | Learned a level 4 spell: Fulminant Prism
  2597 | D:3      | Reached skill level 1 in Hexes
  2597 | D:3      | Reached XP level 5. HP: 22/35 MP: 2/8
  3006 | D:4      | Reached skill level 2 in Hexes
  3007 | D:4      | Noticed an ogre
  3114 | D:4      | Reached skill level 3 in Hexes
  3147 | D:4      | Noticed Sigmund
  3152 | D:4      | Killed Sigmund
  3153 | D:4      | Reached skill level 5 in Conjurations
  3153 | D:4      | Reached skill level 4 in Hexes
  3153 | D:4      | Reached XP level 6. HP: 32/41 MP: 2/9
  3287 | D:4      | Reached skill level 5 in Hexes
  3323 | D:4      | Found a staircase to the Ecumenical Temple.
  3332 | Temple   | Entered the Ecumenical Temple
  3550 | Temple   | Became a worshipper of Gozag Ym Sagoz the Greedy
  3606 | D:4      | Reached XP level 7. HP: 46/46 MP: 6/10
  3755 | D:5      | Entered Level 5 of the Dungeon
  3790 | D:5      | Reached skill level 6 in Hexes
  3843 | D:5      | Found a runed translucent gate.
  3875 | D:5      | Found a hide-covered altar of Uskayaw.
  3925 | D:5      | Noticed ZARRMARR's ghost (novice MiBe)
  4080 | D:5      | Found a runed translucent gate.
  4080 | D:5      | Found a runed translucent gate.
  4238 | D:5      | Reached skill level 7 in Hexes
  4394 | D:5      | Reached XP level 8. HP: 52/52 MP: 4/11
  4402 | D:5      | Killed ZARRMARR's ghost
  4403 | D:5      | Reached skill level 9 in Hexes
  4544 | D:6      | Found a transporter.
  4687 | D:6      | Found Gijus's Jewellery Boutique.
  4741 | D:6      | Found Laid's Antique Armour Shop.
  4760 | D:6      | Found Urghot's Distillery.
  4762 | D:6      | Bought a pair of embroidered gloves for 165 gold pieces
  4780 | D:6      | Bought 2 potions of heal wounds for 120 gold pieces
  4788 | D:6      | Found Rovvojiz's General Store.
  4794 | D:6      | Bought a potion of heal wounds for 55 gold pieces
  4794 | D:6      | Bought a scroll of fear for 38 gold pieces
  4794 | D:6      | Bought a scroll of identify for 22 gold pieces
  4850 | D:6      | Found a transporter.
  4853 | D:6      | Found Obrunah's Book Emporium.
  5069 | D:6      | Found a shimmering altar of Xom.
  5069 | D:6      | Found a burning altar of Makhleb.
  5148 | D:6      | Reached skill level 10 in Hexes
  5505 | D:7      | Reached XP level 9. HP: 46/57 MP: 8/12
  5541 | D:7      | Reached skill level 1 in Shields
  5656 | D:7      | Found a shimmering blue altar of Sif Muna.
  5963 | D:8      | Reached skill level 1 in Fighting
  6042 | D:8      | Noticed a manticore
  6055 | D:8      | Noticed a fire dragon
  6240 | D:8      | Found a basalt altar of Yredelemnul.
  6240 | D:8      | Found a shadowy altar of Dithmenos.
  6404 | D:8      | Noticed a two-headed ogre
  6431 | D:8      | Identified the +7 lajatang of the Ten Spirits {vamp, rF+
                  | Stlth+}
  6433 | D:8      | Paralysed by a centaur for 7 turns
  6436 | D:8      | Slain by a two-headed ogre

Illustrated notes

Levels and vault maps discovered:
D:1:      onia_arrival_pentagram, layout_basic
D:2:      layout_loops_corners, uniq_jessica
D:3:      layout_basic, minmay_goblin_outpost
D:4:      layout_rooms, nicolae_overflow_hidden_temple,
          minmay_temple_entry_waves, uniq_sigmund
D:5:      layout_rooms, nicolae_uskayaw_murder_on_the_dancefloor,
          gammafunk_ghost_icy, minmay_misc_feat_more_columns
D:6:      gammafunk_steamed_eel, layout_loops_ring,
          grunt_temple_overflow_champion_of_chaos, serial_shops, shop,
          nicolae_diamond_shop, nicolae_shop_waterfront, shop, kennysheep_mini
D:7:      layout_basic, amcnicky_altar_gilded, grunt_ministairs_11
D:8:      minmay_the_grid_plus_closed [minmay_the_grid_rooms,
          minmay_the_grid_stretched_grid, minmay_the_grid_aliased_spiral,
          minmay_the_grid_box_x, minmay_the_grid_prize_diamond_cup],
          layout_basic, gammafunk_temple_overflow_elements
Temple:   regret_index_temple_generic_petals

Skill      XL: |  1  2  3  4  5  6  7  8  9 |
---------------+----------------------------+-----
Conjurations   | 3 4 5 6 7 8 |  8.0
Hexes          | 1 4 5 7 10 | 10.0
Shields        | 4 |  4.0
Fighting       | 4 |  4.8
Dodging        | |  2.1
Stealth        | |  3.0
Spellcasting   | |  2.0

Action                   |  1- 3 |  4- 6 |  7- 9 || total
-------------------------+-------+-------+-------++-------
Melee: Unarmed           |    13 |       |       ||    13
       Bite              |     3 |     1 |     3 ||     7
       Dagger            |    19 |       |       ||    19
       Whip              |    37 |     9 |    57 ||   103
 Cast: Magic Dart        |    29 |    41 |     2 ||    72
       Searing Ray       |     2 |     9 |    41 ||    52
       Fulminant Prism   |       |       |     7 ||     7
Evoke: Wand              |       |       |     7 ||     7
  Use: Scroll            |       |       |    11 ||    11
 Stab: Sleeping          |     4 |     1 |     1 ||     6
Armor: Robe              |    24 |     4 |     2 ||    30
       Leather armour    |       |       |    42 ||    42
Dodge: Dodged            |    61 |    11 |    64 ||   136
Block: Buckler           |       |       |    10 ||    10
